 Dungeon Crawl Stone Soup version 0.31-a0-750-gfe7b580527 (webtiles) character file.

Game seed: 6455083681298399555

217 Dittersdorf the Covered (level 5, 0/34 HPs)
             Began as a Gargoyle Fighter on Sept 14, 2023.
             Slain by Duvessa
             ... wielding a +4 short sword of draining
              (9 damage)
             ... on level 4 of the Dungeon.
             The game lasted 00:03:34 (2401 turns).

Dittersdorf the Covered (Gargoyle Fighter)          Turns: 2401, Time: 00:03:34

Health: 0/34       AC: 14    Str: 22    XL:     5   Next: 94%
Magic:  5/5        EV:  8    Int:  8    God:
Gold:   209        SH:  4    Dex:  9    Spells: 4/4 levels left

rFire   . . .        a - +0 flail
rCold   . . .        c - +0 buckler
rNeg    + . .        h - +0 chain mail
rPois   ∞            n - +0 helmet
rElec   +            (no cloak)
rCorr   +            (no gloves)
SInv    +            (no boots)
Will    .....        (no amulet) Stlth
                     p - ring of resist corrosion
HPRegen 0.25/turn    j - ring of see invisible
MPRegen 0.09/turn

%: no passive effects
@: no status effects
A: sickness immunity, AC +4, negative energy resistance 1, electricity
resistance, torment resistance 1, petrification resistance
a: no special abilities


You were on level 4 of the Dungeon.
You visited 1 branch of the dungeon, and saw 4 of its levels.

You collected 209 gold pieces.

Inventory:

Hand Weapons
 a - a +0 flail (weapon)
Missiles
 b - 3 silver javelins (quivered)
 e - a throwing net
Armour
 c - a +0 buckler (worn)
 h - a +0 chain mail (worn)
 n - a +0 helmet (worn)
Jewellery
 j - a ring of see invisible (right hand)
 p - a ring of resist corrosion (left hand)
Scrolls
 i - a scroll of teleportation
 k - 3 scrolls of blinking
 l - 2 scrolls of fog
 o - 2 scrolls of enchant armour
 q - a scroll of amnesia {unknown}
 r - 2 scrolls of brand weapon
 s - a scroll of revelation {unknown}
Potions
 d - a potion of might
 f - a potion of curing
 g - 2 potions of brilliance {unknown}
 m - a potion of heal wounds


   Skills:
 + Level 4.5 Fighting
 + Level 3.3 Maces & Flails
 + Level 4.5 Armour
 + Level 4.5 Shields


You had 4 spell levels left.
You didn't know any spells.
Your spell library contained the following spells:

 Spells                   Type           Power      Damage    Failure   Level
 Foxfire                  Conj/Fire      0%         2x1d4     97%         1
 Magic Dart               Conj           0%         1d3       97%         1
 Shock                    Conj/Air       0%         1d3       97%         1
 Call Imp                 Summ           0%         N/A       99%         2
 Mephitic Cloud           Conj/Pois/Air  0%         N/A       100%        3
 Swiftness                Air            0%         N/A       100%        3
 Airstrike                Air            0%         2d(0-16)  100%        4
 Plasma Beam              Fire/Air       0%         2x1d10    100%        6
 Starburst                Conj/Fire      0%         6d3       100%        6


Dungeon Overview and Level Annotations

Branches:
Dungeon (4/15)
 Temple: D:4-7

Altars:
Makhleb
Xom

Annotations:
D:4 Dowan, Duvessa


Innate Abilities, Weirdness & Mutations

You are immune to sickness and miasma.
Your stone body is resilient. (AC +4)
You are immune to poison.
You resist negative energy. (rN+)
You are resistant to electric shocks. (rElec)
You are resistant to unholy torment.
You are immune to petrification.


Message History

Duvessa is heavily wounded.
You block Duvessa's attack.
You hit Duvessa.
Duvessa is heavily wounded.
You block Duvessa's attack. x2
You hit Duvessa but do no damage.
Duvessa is heavily wounded.
Duvessa hits you with a +4 short sword of draining.
You closely miss Duvessa.
Duvessa is heavily wounded.
Duvessa barely misses you.
You closely miss Duvessa.
Duvessa is heavily wounded.
You block Duvessa's attack.
Dowan casts a spell.
Dowan blinks!
You closely miss Duvessa.
Duvessa is heavily wounded.
Duvessa hits you but does no damage.
You sock Duvessa!
Duvessa is almost dead.
Duvessa hits you with a +4 short sword of draining.
You barely miss Duvessa.
Duvessa is almost dead.
Duvessa barely misses you.
You hit Duvessa.
Duvessa is almost dead.
You block Duvessa's attack. Duvessa barely misses you.
You closely miss Duvessa.
Duvessa is almost dead.
Duvessa hits you with a +4 short sword of draining!
You hit Duvessa.
Duvessa is almost dead.
Duvessa hits you with a +4 short sword of draining.
* * * LOW HITPOINT WARNING * * *
You hit Duvessa.
Duvessa is almost dead.
Duvessa hits you but does no damage.
Duvessa hits you with a +4 short sword of draining!
You die...

#>#.## ....# #... ..#.†#
....#..... #....##.........###
..#...#.......#...# #..#....#
#...#..# ...#...## #(##.#
....#...####(..e#####
.........##....e#...##
..)..........###@....##
.......####..##.......#####
.......##.##.#.).....<.#..##
...........................#
.............##...........##
.........###..#............#
........##...........#.....###
#....................##......#
............#....#...#.....###


You could see Duvessa and Dowan.

Vanquished Creatures
  2 hounds (D:4)
  Jessica (D:2)
  An orc wizard (D:3)
  3 adders
  2 worms
  A dart slug (D:2)
  4 orcs (D:3)
  3 ball pythons
  4 endoplasms
  3 giant cockroaches
  9 hobgoblins
  2 jackals (D:2)
  3 kobolds
  4 quokkas
  6 bats
  4 frilled lizards
  7 goblins
  8 rats
67 creatures vanquished.

Notes
Turn   | Place    | Note
-------+----------+-------------------------------------------
     0 | D:1      | Dittersdorf the Gargoyle Fighter began the quest for the
                  | Orb.
     0 | D:1      | Reached XP level 1. HP: 14/14 MP: 1/1
   357 | D:1      | Reached XP level 2. HP: 19/19 MP: 2/2
   663 | D:2      | Reached XP level 3. HP: 17/23 MP: 3/3
   707 | D:2      | Noticed Jessica
   714 | D:2      | Killed Jessica
   754 | D:2      | Found a shimmering altar of Xom.
   759 | D:2      | Reached XP level 4. HP: 29/29 MP: 4/4
  1175 | D:2      | Found a faded altar of an unknown god.
  1552 | D:3      | Reached XP level 5. HP: 32/33 MP: 5/5
  1661 | D:3      | Found a burning altar of Makhleb.
  2380 | D:4      | Noticed Duvessa
  2386 | D:4      | Noticed Dowan
  2401 | D:4      | Slain by Duvessa

Illustrated notes

Levels and vault maps discovered:
D:1:      roderic_crop_circles_arrival_small, layout_loops_cross
D:2:      layout_loops_ring, basic_altar, hellmonk_ecumenical_altar_zigzags,
          uniq_jessica
D:3:      layout_basic, mainiacjoe_overflow_boulevard
D:4:      layout_cave_pools, due_unseen_surprise, uniq_duvessa

Skill      XL: |  1  2  3  4 |
---------------+-------------+-----
Shields        | 4 |  4.5
Armour         | 4 |  4.5
Fighting       | 4 |  4.5
Maces & Flails | 3 |  3.3

Action                     |  1- 3 |  4- 6 || total
---------------------------+-------+-------++-------
  Melee: Flail             |    79 |   196 ||   275
  Throw: Javelin           |       |     3 ||     3
    Use: Scroll            |       |    11 ||    11
 Armour: Scale mail        |    14 |       ||    14
         Chain mail        |    34 |   174 ||   208
  Dodge: Dodged            |    25 |    80 ||   105
  Block: Buckler           |    20 |    47 ||    67

Table legend: (Time is in decaauts)
 A = Elapsed time spent in this place.
 B = Non-inter-level travel time spent in this place.
 C = Inter-level travel time spent in this place.
 D = Time resting spent in this place.
 E = Time spent auto-exploring this place.
 F = Levels seen in this place.
 G = Mean time per level.
                   A        B        C        D        E       F      G
               +--------+--------+--------+--------+--------+-----+--------+
         Total |   2484 |   2417 |     67 |      0 |   1791 |   4 |  621.0 |
       Dungeon |   2484 |   2417 |     67 |      0 |   1791 |   4 |  621.0 |
               +--------+--------+--------+--------+--------+-----+--------+

Top non-repeatable levels by time:
     D:3: 828 daAuts
     D:2: 655 daAuts
     D:1: 580 daAuts
     D:4: 419 daAuts
